 Dungeon Crawl Stone Soup version 0.31-a0-151-ge443d1f16c (webtiles) character file.

Game seed: 18149561942858370231

702 qw the Shooter (level 7, -3/43 HPs)
             Began as a Gargoyle Hunter on June 8, 2023.
             Was an Initiate of Okawaru.
             Slain by an orc
             ... wielding a +0 morningstar
              (5 damage)
             ... on level 6 of the Dungeon.
             The game lasted 00:01:25 (3891 turns).

qw the Shooter (Gargoyle Hunter)                    Turns: 3891, Time: 00:01:26

Health: -3/43      AC: 14    Str: 18    XL:     7   Next: 66%
Magic:  8/8        EV: 11    Int:  9    God:    Okawaru [......]
Gold:   1499       SH:  0    Dex: 15    Spells: 6/6 levels left

rFire   . . .        Y - +0 shortbow
rCold   . . .        (shield currently unavailable)
rNeg    + + .        h - +0 ring mail
rPois   inf          b - +1 helmet
rElec   +            (no cloak)
rCorr   .            c - +0 pair of gloves
SInv    .            i - +0 pair of boots
Will    .....        a - amulet of Elog {Faith rElec Str+3}
Stlth   +            k - ring of positive energy
HPRegen 0.27/turn    (no ring)
MPRegen 0.11/turn

%: faith
@: no status effects
A: sickness immunity, AC +4, negative energy resistance 1, electricity
resistance, torment resistance 1, petrification resistance
a: Renounce Religion


You were on level 6 of the Dungeon.
You worshipped Okawaru.
Okawaru was noncommittal.
You visited 1 branch of the dungeon, and saw 6 of its levels.

You collected 2822 gold pieces.
You spent 1323 gold pieces at shops.


Innate Abilities, Weirdness & Mutations

You are immune to sickness and miasma.
Your stone body is resilient. (AC +4)
You are immune to poison.
You resist negative energy. (rN+)
You are resistant to electric shocks. (rElec)
You are resistant to unholy torment.
You are immune to petrification.


   Skills:
 - Level 4.2 Fighting
 + Level 7.9 Ranged Weapons
 - Level 2.1 Armour
 - Level 1.5 Dodging
 - Level 1.1 Stealth
 - Level 1.9 Invocations


You had 6 spell levels left.
You didn't know any spells.
Your spell library was empty.

Inventory:

Hand Weapons
 Y - a +0 shortbow (weapon)
Armour
 b - a +1 helmet (worn)
 c - a +0 pair of gloves (worn)
 h - a +0 ring mail (worn)
 i - a +0 pair of boots (worn)
Jewellery
 a - the amulet of Elog (around neck) {Faith rElec Str+3}
   (You bought it in a shop on level 2 of the Dungeon)

   [amulet of faith]

   It allows you to gain divine favour quickly.
   Str:       It affects your strength (+3).
   rElec:     It insulates you from electricity.
 g - an amulet of regeneration
 k - a ring of positive energy (left hand)
Scrolls
 j - a scroll of identify
Potions
 d - 7 potions of curing
 e - a potion of might
 f - a potion of experience {unknown}
 m - a potion of degeneration {unknown}

Dungeon Overview and Level Annotations

Branches:
Dungeon (6/15)             Temple (0/1) D:6

Altars:
Dithmenos
Gozag
Okawaru

Shops:
D:2 =

Annotations:
D:6 Eustachio


Message History

The sleepcap releases spores at you but does no damage.
An orc comes into view. It is wielding a +0 mace.
You shoot an arrow. The arrow hits the sleepcap.
The sleepcap is severely damaged.
The quokka barely misses you.
The orc hits you with a +2 heavy falchion.
The sleepcap barely misses you. The quokka barely misses you.
3886 ||| READING scroll of teleportation.
As you read the scroll of teleportation, it crumbles to dust.
You feel strangely unstable.
Eustachio mumbles some strange words.
The sleepcap releases spores at you but does no damage.
The orc misses you. The quokka bites you.
You shoot an arrow. The arrow hits the sleepcap.
The sleepcap is almost destroyed.
Eustachio screams, "At last I'll have my revenge!"
The quokka bites you. The sleepcap misses you.
The orc hits you but does no damage. The orc closely misses you. x2
You shoot an arrow. The arrow hits the sleepcap.
You destroy the sleepcap!
Okawaru accepts your kill.
Your surroundings seem slightly different.
An orc comes into view. It is wielding a +0 morningstar.
Enter note: You shoot an arrow.
The arrow barely misses the bat.
The arrow closely misses the orc.
The arrow misses the bat.
The bat misses you.
You shoot an arrow. The arrow hits the bat!
You kill the bat!
The bat's corpse disappears in a puff of smoke!
The bat hits you but does no damage. The orc barely misses you.
Eustachio casts a spell.
You shoot an arrow. The arrow hits the river rat!
The river rat is almost dead.
The bat barely misses you. The bat hits you but does no damage.
The orc hits you but does no damage. x2; The orc hits you with a +0 mace.
The river rat barely misses you.
Eustachio brags, "I can call spirits from the vasty deep."
The orc hits you with a +0 morningstar.
You die...

##. #..##..#
#.#..##...#
...##....#
.}..#..o...
......r.....
######...oo......
......o..........
##..bo@..........
#...@ob...........
#...o.r¤.....
#............
##...........
.............
..............
......#........
......##.......


You could see Eustachio, a river rat (summoned), 7 orcs, a quokka (summoned) and
2 bats.

Vanquished Creatures
  Grinder (D:4)
  A phantom (D:4)
  2 scorpions (D:4)
  A hound (D:5)
  A jelly (D:5)
  A sleepcap (D:6)
  3 iguanas
  4 gnolls (D:3)
  3 adders
  2 white imps
  2 worms
  3 dart slugs
  An orc (D:6)
  4 bats
  6 endoplasms
  4 hobgoblins
  A quokka (D:4)
  A ball python (D:2)
  4 frilled lizards
  5 goblins
  4 kobolds
  6 rats
60 creatures vanquished.

Notes
Turn   | Place    | Note
-------+----------+-------------------------------------------
     0 | D:1      | qw the Gargoyle Hunter began the quest for the Orb.
     0 | D:1      | Reached XP level 1. HP: 12/12 MP: 1/1
     0 | D:1      | 0 ||| qw: Version: 0.2-a-120-gdf1a93b
     0 | D:1      | 0 ||| qw: Game counter: 3070
     0 | D:1      | 0 ||| qw: Always use a shield: true
     0 | D:1      | 0 ||| qw: God list: Okawaru
     0 | D:1      | 0 ||| qw: Allow faded altars: false
     0 | D:1      | 0 ||| qw: Do Orc after D:15 true
     0 | D:1      | 0 ||| qw: Do second Lair branch before Depths: true
     0 | D:1      | 0 ||| qw: Lair rune preference: random
     0 | D:1      | 0 ||| qw: Plans: Normal
     0 | D:1      | 0 ||| PLANNING D:1-11
   431 | D:1      | Reached XP level 2. HP: 17/17 MP: 2/2
   434 | D:1      | Found a faded altar of an unknown god.
   588 | D:1      | 588 ||| UPGRADING to +0 pair of boots.
   593 | D:1      | 593 ||| READING scroll labelled WICVIN FINU.
   594 | D:1      | 594 ||| READING scroll labelled SIDOSHRATIES.
   595 | D:1      | 595 ||| READING scroll labelled LADDAU GAGON.
   599 | D:1      | 599 ||| DRINKING 6 fuming coppery potions.
   600 | D:1      | 600 ||| DROPPING scroll of butterflies.
   786 | D:2      | You fall into a shaft and drop 2 floors!
   804 | D:4      | Found an iron altar of Okawaru.
   804 | D:4      | Found a shadowy altar of Dithmenos.
   805 | D:4      | 805 ||| PLANNING OKAWARU WORSHIP
   805 | D:4      | 805 ||| UPGRADING to +0 ring mail.
   815 | D:4      | 815 ||| DROPPING +0 leather armour.
   816 | D:4      | 816 ||| READING scroll labelled HOTRYMONLO.
   917 | D:4      | 917 ||| READING scroll labelled AREIL HACW.
   917 | D:4      | Identified a scroll of acquirement
   917 | D:4      | 917 ||| ACQUIRING 1259 gold pieces
   917 | D:4      | Acquired 1259 gold pieces
   918 | D:4      | 918 ||| READING 3 scrolls of identify.
   918 | D:4      | 918 ||| IDENTIFYING brown potion
   919 | D:4      | 919 ||| READING 2 scrolls of identify.
   919 | D:4      | 919 ||| IDENTIFYING cyan potion
   920 | D:4      | 920 ||| DROPPING potion of berserk rage.
   921 | D:4      | 921 ||| DROPPING potion of ambrosia.
   925 | D:4      | Became a worshipper of Warmaster Okawaru
   925 | D:4      | 925 ||| PLANNING D:1-11
   986 | D:4      | Reached skill level 1 in Armour
   986 | D:4      | Reached XP level 3. HP: 19/21 MP: 3/3
  1010 | D:4      | Noticed a scorpion
  1018 | D:4      | Killed a scorpion
  1019 | D:4      | Reached skill level 5 in Ranged Weapons
  1019 | D:4      | Reached XP level 4. HP: 18/26 MP: 4/4
  1050 | D:4      | Noticed a phantom
  1060 | D:4      | Killed a phantom
  1061 | D:4      | Reached skill level 3 in Fighting
  1061 | D:4      | Reached XP level 5. HP: 30/33 MP: 5/5
  1169 | D:4      | Found an opulent altar of Gozag.
  1211 | D:4      | 1211 ||| READING scroll labelled ALUIDU UNISAXT.
  1358 | D:3      | 1358 ||| UPGRADING to +1 helmet.
  1363 | D:3      | 1363 ||| UPGRADING to +0 pair of gloves.
  1368 | D:3      | 1368 ||| READING scroll labelled ELOSETA TYUBEMN.
  1502 | D:2      | Found Qoygides's Jewellery Shoppe.
  1508 | D:2      | 1508 ||| BUYING amulet of Elog {Faith rElec Str+3} (723
                  | gold).
  1508 | D:2      | Bought the amulet of Elog {Faith rElec Str+3} for 723 gold
                  | pieces
  1508 | D:2      | 1508 ||| BUYING amulet of regeneration (360 gold).
  1508 | D:2      | Bought an amulet of regeneration for 360 gold pieces
  1508 | D:2      | 1508 ||| SHOPLISTING ring "Puoll" {+Blink rElec rC- rCorr
                  | Slay+5} (660 gold, have 276).
  1508 | D:2      | 1508 ||| BUYING ring of positive energy (240 gold).
  1508 | D:2      | Bought a ring of positive energy for 240 gold pieces
  1508 | D:2      | 1508 ||| SHOPLISTING ring of see invisible (180 gold, have
                  | 36).
  1514 | D:2      | 1514 ||| READING scroll of acquirement.
  1514 | D:2      | 1514 ||| ACQUIRING 1262 gold pieces
  1514 | D:2      | Acquired 1262 gold pieces
  1747 | D:2      | Identified the +6 dagger of Honour {antimagic, rC+ Will+
                  | Dex+3}
  1796 | D:2      | 1796 ||| UPGRADING to amulet of Elog {Faith rElec Str+3}.
  1801 | D:2      | 1801 ||| UPGRADING to ring of positive energy.
  1844 | D:3      | 1844 ||| FLEEEEING.
  1845 | D:3      | 1845 ||| FLEEEEING.
  1846 | D:3      | 1846 ||| FLEEEEING.
  1988 | D:3      | Reached * piety under Okawaru
  2067 | D:3      | 2067 ||| INVOKING Heroism.
  2070 | D:3      | Reached skill level 6 in Ranged Weapons
  2077 | D:3      | Reached XP level 6. HP: 38/38 MP: 3/6
  2079 | D:3      | 2079 ||| INVOKING Heroism.
  2332 | D:3      | 2332 ||| READING scroll labelled HIKHLE HOIDGH.
  2599 | D:4      | Noticed Grinder
  2599 | D:4      | Paralysed by Grinder for 2 turns
  2605 | D:4      | Paralysed by Grinder for 5 turns
  2622 | D:4      | Paralysed by Grinder for 4 turns
  2638 | D:4      | 2638 ||| INVOKING Heroism.
  2640 | D:4      | Paralysed by Grinder for 4 turns
  2643 | D:4      | HP: 5/38 [Grinder (8)]
  2645 | D:4      | 2645 ||| READING 2 scrolls of teleportation.
  2950 | D:4      | Paralysed by Grinder for 4 turns
  2956 | D:4      | Paralysed by Grinder for 4 turns
  2984 | D:4      | Paralysed by Grinder for 5 turns
  2993 | D:4      | Killed Grinder
  2994 | D:4      | Reached skill level 7 in Ranged Weapons
  2994 | D:4      | Reached XP level 7. HP: 29/43 MP: 7/7
  3110 | D:4      | 3110 ||| DROPPING ring of wizardry.
  3152 | D:5      | Entered Level 5 of the Dungeon
  3227 | D:5      | Reached skill level 1 in Invocations
  3275 | D:5      | 3275 ||| INVOKING Heroism.
  3728 | D:5      | 3728 ||| DROPPING amulet of faith.
  3729 | D:5      | 3729 ||| READING 2 scrolls of identify.
  3729 | D:5      | 3729 ||| IDENTIFYING inky potion
  3760 | D:6      | 3760 ||| INVOKING Heroism.
  3851 | D:6      | Found a staircase to the Ecumenical Temple.
  3866 | D:6      | Noticed Eustachio
  3867 | D:6      | 3867 ||| INVOKING Heroism.
  3885 | D:6      | HP: 6/43 [orc/+2 heavy falchion (6)]
  3886 | D:6      | 3886 ||| READING scroll of teleportation.
  3891 | D:6      | HP: 2/43 [orc/+0 mace (3)]
  3891 | D:6      | Slain by an orc

Levels and vault maps discovered:
D:1:      minmay_arrival_four_houses, layout_basic,
          dreamdust_ecumenical_altar_grove, chequers_serial_rivers_micro_a
D:2:      layout_basic, serial_shops, shop_statue, hex_medium,
          amcnicky_mini_corridor_feature
D:3:      layout_loops_ring
D:4:      layout_loops_ring, gammafunk_temple_overflow_elements,
          nicolae_gozag_cash_rules_everything_around_me, uniq_grinder
D:5:      layout_basic
D:6:      layout_basic, mainiacjoe_overflow_alcove_4, chei_slow_surprise,
          minmay_temple_entry_waves, uniq_eustachio, uniq_edmund,
          uniq_blork_the_orc

Skill      XL: |  1  2  3  4  5  6  7 |
---------------+----------------------+-----
Armour         | 1 2 |  2.1
Ranged Weapons | 5 6 7 |  7.9
Fighting       | 3 4 |  4.2
Invocations    | 1 |  1.9
Dodging        | |  1.5
Stealth        | |  1.1

Action                     |  1- 3 |  4- 6 |  7- 9 || total
---------------------------+-------+-------+-------++-------
   Fire: Shortbow          |    68 |   183 |    75 ||   326
 Invoke: Heroism           |       |     3 |     3 ||     6
    Use: Scroll            |     7 |     5 |     2 ||    14
         Potion            |     1 |       |       ||     1
 Armour: Leather armour    |    13 |       |       ||    13
         Ring mail         |     4 |    66 |    23 ||    93
  Dodge: Dodged            |    13 |    31 |    26 ||    70

Table legend:
 A = Non-vault XP
 B = Vault XP
 C = Vault XP percentage of total XP
 D = Non-vault monster count
 E = Vault monster count
 F = Vault count percentage of total count
                 A         B        C        D         E       F
            +---------+---------+-------+---------+---------+-------
      Total |     708 |     295 |  29.4 |      59 |       1 |   1.7
            +---------+---------+-------+---------+---------+-------
        D:1 |      11 |       0 |   0.0 |       7 |       0 |   0.0
        D:2 |      23 |       0 |   0.0 |      15 |       0 |   0.0
        D:3 |      90 |       0 |   0.0 |      13 |       0 |   0.0
        D:4 |     340 |     295 |  46.5 |      14 |       1 |   6.7
        D:5 |     153 |       0 |   0.0 |       6 |       0 |   0.0
        D:6 |      91 |       0 |   0.0 |       4 |       0 |   0.0
            +---------+---------+-------+---------+---------+-------
